[Event "Late-Titled-Tuesday-Blitz-March-19-2024"]
[Site "Chess.com"]
[Date "2024.03.19"]
[Round "5"]
[White "Oleksandr_Bortnyk"]
[Black "Fonsofan"]
[Result "1-0"]
[WhiteElo "3069"]
[BlackElo "2731"]
[TimeControl "180+1"]
[EndTime "14:55:40 PDT"]
[Termination "Oleksandr_Bortnyk won on time"]

1. e4 d6 2. d4 Nf6 3. Nc3 e5 4. Nf3 Nbd7 5. Bc4 Be7 6. O-O O-O 7. Re1 c6 8. a4 b6 9. h3 a6 10. Bb3 Bb7 11. Be3 b5 12. dxe5 dxe5 13. axb5 cxb5 14. Nd5 Nxe4 15. Nxe5 Nxe5 16. Bb6 Qd6 17. Bc7 Qc5 18.
Rxe4 Bxd5 19. Rxe5 Qxc7 20. Rxd5 Rfd8 21. Qf3 Bf6 22.
Rxd8+ Rxd8 23. Rxa6 Bxb2 24. g3 g6 25. h4 Qd7 26.
Kg2 b4 27. h5 Kg7 28. Rb6 Rf8 29. Rb7 Qf5 30. Qxf5 gxf5 31. Rxb4 Bf6 32. Rb7 Kh6 33. Bxf7 f4 34. gxf4 Bd4 35. c4 Bg7 36. Kf3 Rc8 37. Kg4 Rc5 38. Bd5 Bf6 39. Rb6 Kg7 40. h6+ Kg6 41. Be4+ Kf7 42. Rb7+ Be7 43. Bxh7 Rc6 44.
Bg8+ Kf8 45. h7 Bf6 46. Rf7+ 1-0

[Event "Late-Titled-Tuesday-Blitz-March-19-2024"]
[Site "Chess.com"]
[Date "2024.03.19"]
[Round "5"]
[White "Truequitos"]
[Black "alexrustemov"]
[Result "0-1"]
[WhiteElo "2550"]
[BlackElo "2860"]
[TimeControl "180+1"]
[EndTime "14:55:40 PDT"]
[Termination "alexrustemov won on time"]

1. d4 g6 2. Nf3 Bg7 3. Bf4 c5 4. e3 Qb6 5. Nc3 Nf6 6. dxc5 Qxc5 7. Bd3 O-O 8. O-O d6 9. Qe2 a6 10. Rfd1 b5 11. a3 Bb7 12. Bg3 Nbd7 13. Nb1 Ne4 14. c3 Nxg3 15. hxg3 Nb6 16. Nbd2 Na4 17. Nb3 Qc7 18. Qc2 Rfc8 19. Nbd4 Rab8 20. Rac1 Nb6 21. Be4 d5 22. Bd3 e5 23. Nxb5 axb5 24. Bxb5 Nc4 25. Nd2 Nd6 26. Be2 Ba8 27. Nf3 h6 28. Rd2 Nc4 29. Bxc4 Qxc4 30. Rcd1 Qb3 31. Qd3 Bf6 32.
Qa6 Qb6 33. Qe2 Kg7 34. g4 Qe6 35. Ne1 Rc4 36. Nd3 Qxg4 37. Qxg4 Rxg4 38. Nc5 Bc6 39.
f3 Rc4 40. Na6 Rb6 41. Nb4 Bb7 42. Kf2 Be7 43. Ke2 Bxb4 44. axb4 Ra6 45. Kf2 Ra2 46. Ke2 h5 47. Kf2 h4 48. Rh1 Rxc3 49. Rxh4 Rb3 50.
e4 Rbxb2 0-1

[Event "Late-Titled-Tuesday-Blitz-March-19-2024"]
[Site "Chess.com"]
[Date "2024.03.19"]
[Round "5"]
[White "jstopa4"]
[Black "Rawnsdale"]
[Result "1/2-1/2"]
[WhiteElo "2732"]
[BlackElo "2530"]
[TimeControl "180+1"]
[EndTime "14:55:40 PDT"]
[Termination "Game drawn - insufficient material"]

1. Nf3 d5 2. c4 e6 3. d4 Be7 4. g3 Nf6 5. Bg2 O-O 6. Qc2 dxc4 7. Qxc4 a6 8. a4 Nbd7 9. O-O Nb6 10. Qb3 a5 11.
Nc3 c6 12. Rd1 Nfd5 13. e4 Nb4 14. Bf4 Bd7 15. h4 Rc8 16. Rd2 c5 17. dxc5 Bxc5 18. Rad1 Qe7 19. Ne5 Rfd8 20. Nxd7 Rxd7 21. Rxd7 Nxd7 22.
e5 Nb6 23. Ne4 h6 24. Nd6 Rc7 25. Nb5 Rd7 26. Bf3 N6d5 27. Bc1 Nc6 28. Bxd5 exd5 29. Rxd5 Nxe5 30. Kg2 Qe6 31. Nc3 Bb4 32. Qd1 Qc6 33.
Kh3 Bxc3 34. Rxd7 Qxd7+ 35. Qxd7 Nxd7 36. bxc3 Nc5 37. c4 Nxa4 38. Bd2 Nb2 39. Bxa5 Nxc4 40. Bb4 f5 41. Kg2 Kf7 42. Kf3 Ke6 43. Ke2 Kd5 44.
Bf8 h5 45. Bxg7 b5 46. Kf3 b4 47. Kf4 Ke6 48. Ba1 b3 49. Kg5 b2 50. Bxb2 Nxb2 51.
Kxh5 Nd3 52. Kg6 Nxf2 53. h5 Ne4 54. h6 Nf6 55. h7 Nxh7 56. Kxh7 Ke5 57. Kg6 f4 58.
gxf4+ Kxf4 1/2-1/2

[Event "Late-Titled-Tuesday-Blitz-March-19-2024"]
[Site "Chess.com"]
[Date "2024.03.19"]
[Round "5"]
[White "AccioChess"]
[Black "SoltaniciR"]
[Result "0-1"]
[WhiteElo "2489"]
[BlackElo "2638"]
[TimeControl "180+1"]
[EndTime "14:55:40 PDT"]
[Termination "SoltaniciR won on time"]

1. e4 c5 2. Nf3 d6 3. d4 cxd4 4. Nxd4 Nf6 5. Nc3 a6 6. Bg5 e6 7.
f4 Be7 8. Qf3 h6 9. Bh4 Qc7 10.
O-O-O Nbd7 11. Be2 Rg8 12. g4 g5 13. fxg5 hxg5 14.
Bg3 Ne5 15. Bxe5 dxe5 16. Nb3 Bd7 17. Qe3 b5 18. a3 Rc8 19. Rhf1 a5 20. Rd2 a4 21. Nxb5 Qb8 22. Rxf6 Bxb5 23. Rf2 Bxe2 24. Qxe2 Qxb3 25. Kb1 Qc4 26. Qf3 f6 27. Qh3 Qxe4 28.
Rde2 Qg6 29. Qf3 Kf7 30. Rxe5 Rgd8 31. Rf5 exf5 32. gxf5 Qh6 33. Qe4 Bd6 34. Qe6+ Kg7 35. Rd2 Qh8 36. Rxd6 Rxd6 37. Qe7+ Kh6 38. Qxd6 Qf8 39.
Qd7 Qe8 40. Qd3 Kg7 41. Qa6 Qc6 42. Qa7+ Rc7 43. Qf2 Qh1+ 44. Ka2 Qd5+ 45. Kb1 Rd7 0-1

[Event "Late-Titled-Tuesday-Blitz-March-19-2024"]
[Site "Chess.com"]
[Date "2024.03.19"]
[Round "5"]
[White "Masterisback04"]
[Black "SnekkerAndersen"]
[Result "0-1"]
[WhiteElo "1940"]
[BlackElo "2706"]
[TimeControl "180+1"]
[EndTime "14:55:41 PDT"]
[Termination "SnekkerAndersen won on time"]

1. e4 e5 2. Nc3 Nf6 3. f4 d5 4. fxe5 Nxe4 5. Qf3 Nxc3 6. dxc3 Be6 7. Bf4 c6 8. O-O-O Qa5 9. Kb1 Nd7 10. Qg3 O-O-O 11. Nf3 Nc5 12. Nd4 Be7 13. Nb3 Nxb3 14. axb3 h6 15. h4 Kb8 16. Bd3 Ka8 17. h5 Qc7 18.
Qf2 Qb6 19. Qe2 c5 20. c4 dxc4 21. Bxc4 a6 22. Bxe6 Qxe6 23. Rxd8+ Rxd8 24. Rd1 Rxd1+ 25. Qxd1 Ka7 26. g3 b6 27. c4 Kb7 28. Qf3+ Qc6 29. Qg4 Qe4+ 30. Ka2 Qc6 31. Qxg7 b5 32. Qxf7 Qc7 33.
Qd5+ Ka7 34. Bxh6 Qa5+ 35. Kb1 Qe1+ 36. Kc2 Kb8 37. Bf4 Qe2+ 38. Kb1 Qe1+ 39. Kc2 Qe2+ 40. Qd2 Qe4+ 41. Qd3 Qg2+ 42. Kb1 Kc8 43. Qf5+ Kd8 44. e6 Qf1+ 45. Ka2 bxc4 46. Qd5+ Ke8 47. bxc4 Qe1 48.
Qc6+ Kf8 49. Qc8+ Kg7 50. Qd7 Qa5+ 51. Kb3 Qb4+ 52. Ka2 Qxc4+ 53. Kb1 Qe4+ 54. Kc1 Qe1+ 55. Kc2 Qe2+ 56. Bd2 Qc4+ 57. Bc3+ Kh6 58. g4 Qe4+ 0-1

[Event "Late-Titled-Tuesday-Blitz-March-19-2024"]
[Site "Chess.com"]
[Date "2024.03.19"]
[Round "5"]
[White "Lukianoo"]
[Black "amanmuhammethommadov"]
[Result "1-0"]
[WhiteElo "2842"]
[BlackElo "2648"]
[TimeControl "180+1"]
[EndTime "14:55:42 PDT"]
[Termination "Lukianoo won by resignation"]

1. e4 c5 2. Nf3 Nc6 3. Bb5 e6 4. O-O Nge7 5. Re1 a6 6. Bf1 d5 7.
exd5 Nxd5 8. d4 Nf6 9. Be3 Be7 10. c3 cxd4 11. Nxd4 Nxd4 12. Bxd4 O-O 13. Nd2 Bd7 14. Nc4 Nd5 15. Qf3 f6 16. Rad1 Rc8 17. Nb6 Nxb6 18. Bxb6 Qxb6 19. Rxd7 Rc7 20. Rxe6 Qxe6 21. Rxc7 b5 22.
Qc6 Qxc6 23. Rxc6 Rd8 24. Rxa6 Rd2 25. Re6 Kf7 26. Re2 Rd1 27. g3 b4 28. cxb4 Bxb4 29. Kg2 Bc5 30. Rc2 Bd4 31. a4 Ra1 32. b3 Ke6 33. Rd2 Ke5 34. Bc4 g5 35. Kf3 f5 36.
h3 h5 37. Re2+ Kd6 38. g4 fxg4+ 39. hxg4 h4 40. Kg2 Kc5 41. Rd2 Rc1 42. a5 Ra1 43. a6 Ra3 44. Re2 Ra1 45. Re7 Ra2 46. Rf7 Kb4 47. Rf5 Be3 48. Rb5+ Kc3 49. Rf5 Bf4 50.
Rf7 Be3 51. Rf3 Rxf2+ 52. Rxf2 h3+ 53. Kf1 1-0

[Event "Late-Titled-Tuesday-Blitz-March-19-2024"]
[Site "Chess.com"]
[Date "2024.03.19"]
[Round "5"]
[White "Alex_Banzea"]
[Black "ashookk"]
[Result "1-0"]
[WhiteElo "2589"]
[BlackElo "2344"]
[TimeControl "180+1"]
[EndTime "14:55:42 PDT"]
[Termination "Alex_Banzea won on time"]

1. d4 Nf6 2. Nc3 d5 3. Bf4 e6 4. e3 Bd6 5. Nf3 Ne4 6. Nxe4 dxe4 7. Bxd6 cxd6 8. Nd2 f5 9. Be2 O-O 10. O-O d5 11. f4 exf3 12. Nxf3 Nc6 13. Bb5 Ne7 14.
Be2 Qb6 15. b3 Bd7 16. c4 dxc4 17. bxc4 Bc6 18. Ne5 Ng6 19. Rb1 Qc7 20. Nxc6 bxc6 21. Bf3 Rab8 22. Qa4 c5 23. Qc6 Qxc6 24. Bxc6 cxd4 25.
exd4 Kf7 26. Bf3 Rfd8 27. d5 exd5 28. Bxd5+ Kf6 29. Rbe1 Re8 30. Rxe8 Rxe8 31. Rb1 Nf4 32. Rb7 Nxd5 33. cxd5 Re2 34. Rxa7 Rd2 35. Ra5 Ke5 36. d6+ Ke6 37. Ra6 Rxd6 38. Rxd6+ Kxd6 39. Kf2 g5 40. Ke3 h5 41. a4 Ke5 42. a5 f4+ 43. Kf3 g4+ 44. Ke2 Kd6 45. Kd3 h4 46. Ke4 g3 47.
h3 1-0

[Event "Late-Titled-Tuesday-Blitz-March-19-2024"]
[Site "Chess.com"]
[Date "2024.03.19"]
[Round "5"]
[White "MetiForce"]
[Black "GodzillaChessYoutube"]
[Result "1-0"]
[WhiteElo "2916"]
[BlackElo "2696"]
[TimeControl "180+1"]
[EndTime "14:55:44 PDT"]
[Termination "MetiForce won by resignation"]

1. d4 Nf6 2. c4 e6 3. Nf3 Bb4+ 4.
Bd2 Qe7 5. g3 Nc6 6. Bg2 Bxd2+ 7. Qxd2 Ne4 8. Qc1 Qb4+ 9. Nc3 Nxc3 10. Qxc3 Qxc3+ 11. bxc3 d6 12. Nd2 Na5 13. Rb1 Rb8 14.
Rb4 c5 15. Rb2 b6 16. Be4 Ke7 17. O-O Ba6 18. Bd3 Rbc8 19. d5 e5 20. f4 f6 21.
e4 g5 22. fxg5 fxg5 23. Rf5 h6 24. Rb1 Rcf8 25. Rbf1 Bc8 26. Rxf8 Rxf8 27. Rxf8 Kxf8 28. Kf2 Ba6 29. Ke3 Ke7 30. Be2 Kf6 31. Kd3 Kg6 32.
Bg4 Kf6 33. Bd7 Ke7 34. Bb5 Bc8 35. Nf1 Bh3 36. Ne3 Nb7 37. g4 Kf6 38. Be8 Na5 39.
Bh5 Nb7 40. Ke2 Na5 41. Kf2 Nb7 42. Kg3 Bxg4 43. Bxg4 Kg6 44. Bc8 Na5 45. Ba6 h5 46. Nf5 h4+ 47. Kg4 Kf6 48. Nxd6 1-0

[Event "Late-Titled-Tuesday-Blitz-March-19-2024"]
[Site "Chess.com"]
[Date "2024.03.19"]
[Round "5"]
[White "ozates"]
[Black "FREZZY23"]
[Result "1-0"]
[WhiteElo "2557"]
[BlackElo "2374"]
[TimeControl "180+1"]
[EndTime "14:55:46 PDT"]
[Termination "ozates won on time"]

1. e4 c5 2. Nf3 d6 3. d4 cxd4 4. Nxd4 Nf6 5. Nc3 a6 6. Be2 e5 7. Nf3 Be7 8. O-O O-O 9. Bg5 Be6 10. Bxf6 Bxf6 11. Nd5 Bxd5 12. Qxd5 Nc6 13. c3 Qc7 14. Rad1 Rad8 15. Rd2 Ne7 16. Qb3 Qc6 17. Bd3 b5 18. Rfd1 g6 19. Bc2 Kg7 20. Qb4 Nc8 21. Bb3 Be7 22. Bd5 Qc7 23. a4 bxa4 24. Qxa4 Nb6 25. Qa5 Nxd5 26. Rxd5 Qb7 27. b4 f5 28. exf5 Rxf5 29.
Nxe5 Rc8 30. Nf3 Rxd5 31. Rxd5 Rxc3 32. h4 Qd7 33. h5 Rc1+ 34. Kh2 Qg4 35. Rd4 Qxh5+ 36.
Qxh5 gxh5 37. Re4 Kf7 38. g3 d5 39. Rf4+ Ke6 40. Nd4+ Ke5 41. Nf3+ Kd6 42. Rf5 h4 43. gxh4 Rc4 44. Rh5 Rxb4 45. Rxh7 Ke6 46. Rh6+ Bf6 47. h5 a5 48. Rg6 a4 49. h6 Rb8 50. Rg4 Ra8 51. h7 a3 52. Rg8 Ra7 53. h8=Q Bxh8 54.
Rxh8 a2 55. Nd4+ Kf7 56. Rh7+ 1-0

[Event "Late-Titled-Tuesday-Blitz-March-19-2024"]
[Site "Chess.com"]
[Date "2024.03.19"]
[Round "5"]
[White "profedechess93"]
[Black "artin10862"]
[Result "1-0"]
[WhiteElo "2655"]
[BlackElo "2922"]
[TimeControl "180+1"]
[EndTime "14:55:47 PDT"]
[Termination "profedechess93 won by checkmate"]

1. e4 e5 2. Nf3 Nc6 3. Bc4 Bc5 4. b4 Bxb4 5. c3 Ba5 6. d4 d6 7. Qb3 Qd7 8. Bb5 a6 9. Bxc6 Qxc6 10. O-O Qb5 11. dxe5 dxe5 12. Qc2 f6 13. c4 Qc6 14. Ba3 Be6 15. Nfd2 Nh6 16. Nb3 Bb6 17. c5 Ba7 18. Nc3 b5 19. Na5 Qd7 20. c6 Qf7 21. Rad1 Bd4 22.
Kh1 Qh5 23. Nd5 Rc8 24. Rxd4 exd4 25. Qc5 Qf7 26. h3 Rd8 27. Nb7 Rc8 28. Bb4 Ng8 29. Nxc7+ Qxc7 30. Nd6+ Kf8 31. Nxc8+ Kf7 32. Nd6+ Kg6 33.
f4 Bc8 34. f5+ Kh6 35. Bd2+ g5 36. fxg6+ Kxg6 37. h4 Ne7 38. h5+ Kg7 39. h6+ Kg6 40.
Rf3 f5 41. Qe5 Nxc6 42. Rg3+ Kh5 43. Rg5+ Kh4 44. Qh2# 1-0

[Event "Late-Titled-Tuesday-Blitz-March-19-2024"]
[Site "Chess.com"]
[Date "2024.03.19"]
[Round "5"]
[White "ArmanGhevondyanchess"]
[Black "Charodej1"]
[Result "0-1"]
[WhiteElo "2586"]
[BlackElo "2391"]
[TimeControl "180+1"]
[EndTime "14:55:48 PDT"]
[Termination "Charodej1 won by checkmate"]

1. Nf3 d5 2. g3 Nf6 3. Bg2 e6 4. O-O Be7 5. d4 O-O 6. c4 dxc4 7. Ne5 c5 8. dxc5 Bxc5 9. Nxc4 Nc6 10. Nc3 Qe7 11.
Be3 e5 12. Bxc5 Qxc5 13. Ne3 Be6 14. Rc1 Rfd8 15. Ncd5 Qa5 16. Nxf6+ gxf6 17. Qe1 Qxa2 18. f4 Qxb2 19. f5 Qb6 20. Qf2 Bb3 21. Kh1 Kg7 22.
g4 h6 23. Qg3 a5 24. h4 Rh8 25. Rb1 a4 26. Nd5 Qd4 27. e3 Qd3 28. Nxf6 Kxf6 29.
g5+ Ke7 30. f6+ Kf8 31. Rbc1 hxg5 32. Qxg5 Qh7 33. Kg1 Qg6 34. Rxc6 Qxg5 35. hxg5 bxc6 36. Rc1 a3 37. Bxc6 Rc8 38. Ra1 a2 39. Be4 Be6 40. Kf2 Rh2+ 41. Kg3 Rb2 42. Kh4 Rb4 43. g6 Rxe4+ 44.
Kg5 fxg6 45. Rh1 Rg4+ 46. Kh6 Kf7 47. Kh7 Rg5 48. e4 Rh5+ 49. Rxh5 gxh5 50. Kh6 a1=Q 51.
Kg5 Qg1+ 52. Kh6 Qg6# 0-1

[Event "Late-Titled-Tuesday-Blitz-March-19-2024"]
[Site "Chess.com"]
[Date "2024.03.19"]
[Round "5"]
[White "Vaathi_Coming"]
[Black "Dhaydon19"]
[Result "1-0"]
[WhiteElo "2890"]
[BlackElo "2663"]
[TimeControl "180+1"]
[EndTime "14:55:49 PDT"]
[Termination "Vaathi_Coming won by checkmate"]

1. g3 d5 2. Bg2 Nf6 3. Nf3 e6 4. O-O b6 5. c4 Bb7 6. cxd5 exd5 7. d4 Bd6 8. Nc3 h6 9. Nb5 Be7 10. Bf4 Na6 11. Rc1 c6 12. Nc3 O-O 13. Ne5 Bd6 14. Qa4 b5 15. Qc2 Rc8 16. Qf5 Rc7 17. a3 Nb8 18.
Ng4 Nxg4 19. Qxg4 Bc8 20. Qf3 Be6 21. Bxd6 Qxd6 22. Qf4 Qxf4 23. gxf4 Re7 24. e3 Bf5 25. Ne2 g5 26. Ng3 Bh7 27. f5 f6 28. Rfe1 h5 29. e4 h4 30. Nh5 dxe4 31. Bxe4 Kf7 32. d5 Rxe4 33. Rxe4 Bxf5 34. Re3 Kg6 35. dxc6 Na6 36.
c7 Kxh5 37. Rc6 Bc8 38. Rd3 Rf7 39. Rd8 Bb7 40. c8=Q Bxc8 41. Rdxc8 Kg4 42. Rxa6 Rd7 43.
Rc3 h3 44. Rc1 Rd2 45. Rxf6 Rc2 46. Rxc2 Kh5 47. Rc5 b4 48. Rff5 Kg4 49. Rxg5+ Kf4 50. axb4 Ke4 51. Rg4+ Kd3 52. Rg3+ Ke2 53. Re3+ Kd2 54.
Rd5+ Kc2 55. f4 Kb1 56. f5 a5 57. f6 a4 58. f7 a3 59. bxa3 Ka1 60. Rd2 Kb1 61. Re1# 1-0

[Event "Late-Titled-Tuesday-Blitz-March-19-2024"]
[Site "Chess.com"]
[Date "2024.03.19"]
[Round "5"]
[White "carloseduar100"]
[Black "protectiago"]
[Result "1-0"]
[WhiteElo "2259"]
[BlackElo "2065"]
[TimeControl "180+1"]
[EndTime "14:55:49 PDT"]
[Termination "carloseduar100 won on time"]

1. g3 Nf6 2. Bg2 g6 3. Nf3 Bg7 4. O-O d5 5. d4 O-O 6. c3 c5 7. Nbd2 Nc6 8. dxc5 e5 9. b4 e4 10. Nd4 Ne5 11. Bb2 e3 12. fxe3 Nfg4 13. Qb3 Nxe3 14.
Rf4 N5c4 15. Nxc4 dxc4 16. Qa4 Bh6 17. Re4 Bd7 18. b5 a6 19. c6 axb5 20. Qxb5 Bxc6 21. Nxc6 bxc6 22. Qxc6 Qd2 23. Bc1 Qxe2 24. Bxe3 Bxe3+ 25. Kh1 Qd3 26. Qxc4 Qxc4 27. Rxc4 Rac8 28. Rxc8 Rxc8 29. a4 Rxc3 30. a5 Ba7 31. a6 Rc2 32. Bb7 Kg7 33.
Rd1 h5 34. Rd7 h4 35. gxh4 Bb8 36. Bd5 Rxh2+ 37. Kg1 Rxh4 38. Rxf7+ Kh6 39. Rb7 Bf4 40. Kg2 Be3 41. Rb3 Bd4 42. Rd3 Kg5 43. Bf3 Ba7 44. Rd7 Bb6 45. a7 Bxa7 46. Rxa7 Rd4 47. Ra5+ 1-0

[Event "Late-Titled-Tuesday-Blitz-March-19-2024"]
[Site "Chess.com"]
[Date "2024.03.19"]
[Round "5"]
[White "ViktoriyaTarasova"]
[Black "Baronessa08"]
[Result "0-1"]
[WhiteElo "2329"]
[BlackElo "2586"]
[TimeControl "180+1"]
[EndTime "14:55:51 PDT"]
[Termination "Baronessa08 won on time"]

1. d4 d5 2. c4 c6 3. Nf3 Nf6 4. Nc3 dxc4 5. a4 Bf5 6. Ne5 Nbd7 7. Nxc4 e6 8. f3 Bb4 9. Kf2 h6 10. e4 Bh7 11. Be3 O-O 12. Be2 Re8 13. a5 b5 14. axb6 Nxb6 15. Ne5 Qc7 16. Qb3 Bd6 17.
Nd3 Nfd7 18. f4 Rab8 19. Qa2 Rb7 20. Rhc1 Qd8 21. g3 Bf8 22. Bf3 Bg6 23. Qa6 Qb8 24. Ra2 h5 25. h4 Nf6 26. Kg2 Ng4 27. Bg1 Rd8 28. Bxg4 hxg4 29. Ne5 c5 30. Rd1 Rc8 31. Nxg6 fxg6 32. Qe2 cxd4 33. Bxd4 Nc4 34. Qxg4 Rxb2+ 35. Rxb2 Qxb2+ 36. Kh1 Rc6 37. Qxg6 Qc2 38. Qe8 Ra6 39. Qh5 Qb3 40. Qg4 Qc2 41. h5 Kh8 42. h6 e5 43.
hxg7+ Bxg7 44. Bxe5 Rh6+ 0-1

[Event "Late-Titled-Tuesday-Blitz-March-19-2024"]
[Site "Chess.com"]
[Date "2024.03.19"]
[Round "5"]
[White "javierfreilemartin"]
[Black "Pingah9"]
[Result "0-1"]
[WhiteElo "2326"]
[BlackElo "2582"]
[TimeControl "180+1"]
[EndTime "14:55:52 PDT"]
[Termination "Pingah9 won on time"]

1. c4 g6 2. d4 Bg7 3. e4 c5 4.
d5 b5 5. cxb5 a6 6. b6 d6 7. Nc3 Nd7 8. Nf3 Qxb6 9. Nd2 Ngf6 10. Nc4 Qc7 11. Be2 O-O 12. O-O Nb6 13. Na5 Bd7 14. Bf4 Rfb8 15. Bd2 Ne8 16. Rb1 c4 17. Be3 Bb5 18. a4 Nd7 19. Nc6 Bxc6 20. dxc6 Qxc6 21. Nd5 Kf8 22. Qc1 Rc8 23. Bh6 e6 24. Bxg7+ Kxg7 25. Ne3 Qxa4 26. Ng4 Nef6 27. Qh6+ Kg8 28. Ne3 Rab8 29. f4 Nxe4 30. f5 exf5 31. Rxf5 Rxb2 32. Rbf1 f6 33. R5f4 Rxe2 34. Rxe4 Ne5 35. Ng4 Rf8 36.
Nxf6+ Rxf6 37. Rxf6 Qd1+ 38. Rf1 Qxf1+ 39. Kxf1 Rxe4 40.
Qd2 Nd3 41. Qa5 Kf7 42. Qc7+ Re7 43. Qxd6 Ne5 44. Qd5+ Kg7 45. Kf2 h5 46. h3 Kf6 47.
Qd6+ Re6 48. Qf8+ Kg5 49. g3 Rf6+ 50. Qxf6+ Kxf6 0-1

[Event "Late-Titled-Tuesday-Blitz-March-19-2024"]
[Site "Chess.com"]
[Date "2024.03.19"]
[Round "5"]
[White "Polish_fighter3000"]
[Black "Harsha_Bharathakoti"]
[Result "1-0"]
[WhiteElo "3136"]
[BlackElo "2946"]
[TimeControl "180+1"]
[EndTime "14:55:54 PDT"]
[Termination "Polish_fighter3000 won by resignation"]

1. e4 c5 2. Nf3 Nc6 3. d4 cxd4 4. Nxd4 e6 5. Nc3 a6 6. Nxc6 bxc6 7. Bd3 d5 8. O-O Nf6 9. Qf3 Be7 10. Bf4 O-O 11.
h3 a5 12. Rad1 Ba6 13. b3 Re8 14. Na4 Nd7 15. Rfe1 Nb6 16. Nxb6 Qxb6 17. Qh5 Bxd3 18. Rxd3 a4 19. Be5 g6 20. Qh6 Bf8 21. Qf4 Bg7 22. h4 axb3 23. axb3 Qb4 24. Rde3 Qe7 25. Bxg7 Kxg7 26.
h5 e5 27. h6+ Kf8 28. Qg4 d4 29. Rd3 c5 30. g3 Qe6 31. Qg5 Qe7 32. Qd2 Kg8 33. Kg2 Ra2 34. Rf3 f6 35. Qd3 Qe6 36. Rb1 Ra7 37. c3 Rd7 38. Qb5 Rc8 39. Rd1 Rcd8 40. b4 cxb4 41. Qxb4 dxc3 42. Rxd7 Rxd7 43. Qb8+ Kf7 44. Qh8 c2 45. Qxh7+ Kf8 46. Qh8+ Ke7 47.
Rc3 Qg4 48. Qg7+ Kd6 49. Qxf6+ Qe6 50. Rc6+ Kxc6 51. Qxe6+ Kc5 52. Qxd7 1-0

[Event "Late-Titled-Tuesday-Blitz-March-19-2024"]
[Site "Chess.com"]
[Date "2024.03.19"]
[Round "5"]
[White "bascheyaro"]
[Black "Shahdad2007"]
[Result "1-0"]
[WhiteElo "2791"]
[BlackElo "2609"]
[TimeControl "180+1"]
[EndTime "14:55:54 PDT"]
[Termination "bascheyaro won on time"]

1. d4 Nf6 2. Nf3 e6 3. c4 d5 4.
Nc3 Be7 5. Bf4 O-O 6. e3 a6 7.
Qc2 dxc4 8. Bxc4 b5 9. Bd3 Bb7 10.
O-O Nbd7 11. Rfd1 Qc8 12. Ne4 Nxe4 13. Bxe4 Bxe4 14. Qxe4 c5 15. Rac1 c4 16. b3 Nb6 17.
bxc4 Nxc4 18. Ne5 Nd6 19. Qf3 Qe8 20. Rc7 Rc8 21. Ra7 f6 22. Nd3 Ra8 23. Rxa8 Qxa8 24. Nc5 Qxf3 25. gxf3 e5 26. dxe5 fxe5 27. Bxe5 Nc4 28.
Ne6 Nxe5 29. Nxf8 Bxf8 30. f4 Nc4 31. Rd8 b4 32. Rc8 Nd6 33. Ra8 Nb5 34. Rxa6 Nc3 35. Ra8 Kf7 36. Ra7+ Ke6 37. Kg2 g6 38. Kf3 h5 39. e4 Bc5 40. Ra6+ Kf7 41. e5 Nd1 42.
Rf6+ Kg7 43. Rc6 Be7 44. f5 gxf5 45. Kf4 Nc3 46. Ra6 Bc5 47. f3 Nd5+ 48. Kxf5 Ne7+ 49. Ke4 h4 50. f4 1-0

[Event "Late-Titled-Tuesday-Blitz-March-19-2024"]
[Site "Chess.com"]
[Date "2024.03.19"]
[Round "5"]
[White "ThaBarWa"]
[Black "CristianS27"]
[Result "0-1"]
[WhiteElo "2339"]
[BlackElo "2517"]
[TimeControl "180+1"]
[EndTime "14:55:56 PDT"]
[Termination "CristianS27 won on time"]

1. c4 e5 2. Nc3 Nf6 3. g3 c6 4.
d4 e4 5. d5 Bb4 6. Bg2 O-O 7.
Nh3 Qa5 8. O-O Bxc3 9. bxc3 cxd5 10. Bg5 Qxc3 11. Rc1 Qe5 12. Bxf6 Qxf6 13. cxd5 d6 14. Nf4 Bf5 15. Qb3 Nd7 16. e3 Nc5 17. Qa3 g5 18.
Ne2 h5 19. Nd4 Bd7 20. Nb3 b6 21. Nxc5 bxc5 22. Bxe4 Kg7 23. Bg2 h4 24. Rb1 Rh8 25. Qb2 Bf5 26. Qxf6+ Kxf6 27. Rb7 Rhb8 28. Rxb8 Rxb8 29.
e4 Bd7 30. f4 hxg3 31. fxg5+ Kxg5 32. hxg3 f6 33. Rf2 Rb1+ 34. Kh2 Bg4 35. Bh3 Bxh3 36. Kxh3 Re1 37. Rf5+ Kg6 38. Rf4 Re2 39. Rg4+ Kf7 40. Rh4 Rxa2 41. Rh7+ Kg6 42. Rd7 Ra6 43. Kg4 c4 44. Rc7 Ra4 45. Rc6 c3 46. Kf4 a5 47.
g4 Ra1 48. Rxc3 Rf1+ 0-1

[Event "Late-Titled-Tuesday-Blitz-March-19-2024"]
[Site "Chess.com"]
[Date "2024.03.19"]
[Round "5"]
[White "AradNazari"]
[Black "RantomOpening"]
[Result "1-0"]
[WhiteElo "2762"]
[BlackElo "2591"]
[TimeControl "180+1"]
[EndTime "14:55:57 PDT"]
[Termination "AradNazari won by checkmate"]

1. e4 c5 2. Nf3 e6 3. d4 cxd4 4. Nxd4 Nf6 5. Nc3 Nc6 6. Be3 Bb4 7. Nxc6 bxc6 8. Bd3 d5 9. exd5 Nxd5 10. Bd2 Qa5 11. Ne4 Bxd2+ 12. Qxd2 Qxd2+ 13. Kxd2 Ke7 14. c4 Nf4 15. g3 Nxd3 16. Kxd3 e5 17. Rhe1 Bf5 18.
Kc3 Rhe8 19. Nc5 Kd6 20. b4 Kc7 21. Nb3 Rad8 22. Rad1 f6 23. a4 h5 24. h4 Bg4 25.
Rxd8 Rxd8 26. Nc5 Bf5 27. a5 Rd4 28. Ra1 Kb8 29. Re1 Bg6 30. f4 Bf7 31. Re4 Rxe4 32. Nxe4 exf4 33. gxf4 Kc7 34. Kd4 Be6 35. Kc5 Bf5 36. Nd6 Bd7 37. b5 cxb5 38. cxb5 Kb8 39. b6 a6 40. Kd5 Ba4 41. Ke6 Bb3+ 42. Ke7 Bd5 43. Nf5 g6 44. Ne3 Be4 45. Kxf6 Kb7 46.
Nc4 Kc6 47. Ne5+ Kb5 48. Nxg6 Kxa5 49. f5 Kxb6 50. Ke5 Bc2 51. Nf4 a5 52. f6 Bb3 53.
Nd5+ Kc5 54. f7 Bxd5 55. f8=Q+ Kc4 56. Qc8+ Bc6 57. Qxc6+ Kb4 58. Qb6+ Kc4 59. Qd4+ Kb3 60. Qd3+ Kb4 61. Qd2+ Kb3 62. Qd1+ Kb2 63. Qxh5 a4 64. Qe2+ Kb1 65. Kd4 a3 66. Kc3 a2 67. Qb2# 1-0

[Event "Late-Titled-Tuesday-Blitz-March-19-2024"]
[Site "Chess.com"]
[Date "2024.03.19"]
[Round "5"]
[White "Thjop"]
[Black "TenisMaster"]
[Result "0-1"]
[WhiteElo "2653"]
[BlackElo "2860"]
[TimeControl "180+1"]
[EndTime "14:55:58 PDT"]
[Termination "TenisMaster won by resignation"]

1. d4 Nf6 2. g3 d5 3. Bg2 Bf5 4. Nf3 e6 5. c4 c6 6. Nc3 Nbd7 7. Qb3 Qb6 8. c5 Qc7 9. Bf4 Qc8 10. h3 b6 11. g4 Bg6 12. cxb6 axb6 13. O-O Be7 14. Rac1 Qb7 15. Nd2 O-O 16. e4 Rfc8 17. Bg5 h6 18. Bh4 dxe4 19. Rfe1 b5 20. Bg3 Nb6 21. Ndxe4 Nxe4 22. Nxe4 Nc4 23. Rxc4 Qa6 24.
Rcc1 Qxa2 25. Qxa2 Rxa2 26. Bd6 Bxe4 27. Bxe7 Bxg2 28.
Kxg2 Rxb2 29. Rb1 Rd2 30. Red1 Rc2 31. Bc5 Rd8 32. Ra1 h5 33. g5 Kh7 34. Rdc1 Rd2 35. Ra7 Kg6 36. h4 Rd5 37. Rc3 Rf5 38. Rf3 Rxf3 39.
Kxf3 Rd3+ 40. Kg2 b4 41. Rc7 b3 42. Rxc6 Kf5 43. Rb6 Kg4 44. Rb7 Kxh4 45. Rxf7 g6 46. Rb7 Kxg5 47. Rb5 Kg4 48. Rb6 Kf5 49. Rb5 Ke4 50. Rb6 Kf5 51. Rb5 Kf6 52. Rb6 h4 53. Rb5 g5 54. Rb4 g4 55. Ba7 h3+ 56. Kh2 Kf5 57.
Bb8 Rd2 58. Bg3 b2 59. Kg1 Rd1+ 60. Kh2 b1=Q 0-1

[Event "Late-Titled-Tuesday-Blitz-March-19-2024"]
[Site "Chess.com"]
[Date "2024.03.19"]
[Round "5"]
[White "bitter-cikolata"]
[Black "HanSchut"]
[Result "1-0"]
[WhiteElo "2511"]
[BlackElo "2318"]
[TimeControl "180+1"]
[EndTime "14:55:58 PDT"]
[Termination "bitter-cikolata won on time"]

1. e4 c5 2. Nf3 d6 3. d4 cxd4 4. Nxd4 Nf6 5. Nc3 g6 6. Be3 Bg7 7. h3 Nc6 8. Bc4 O-O 9. Bb3 Na5 10. O-O Nxb3 11. axb3 a6 12. b4 Bd7 13. Qd3 Rc8 14. b5 axb5 15. Ra7 b4 16. Nd5 Nxd5 17. exd5 Qc7 18. Rc1 Ra8 19. Nb5 Bxb5 20. Qxb5 Rxa7 21. Bxa7 Bxb2 22. Re1 Qxc2 23. Qxb7 Bf6 24. Qxb4 Bc3 25. Qc4 Qd2 26. Rxe7 Qc1+ 27. Qf1 Qxf1+ 28. Kxf1 Be5 29. g3 g5 30. Be3 h6 31. Rd7 Re8 32. Ke2 Kg7 33.
Kd3 Kg6 34. f4 gxf4 35. gxf4 Bf6 36. Rxd6 Kf5 37. Rd7 Kg6 38. Rb7 h5 39. d6 Rd8 40.
d7 Kf5 41. Bb6 Ra8 42. Bc5 Ke6 43. Rb6+ Kf5 44. Rxf6+ Kxf6 45. Bb6 Ke7 46. d8=Q+ Rxd8+ 47. Bxd8+ Kxd8 48. Ke4 Ke7 49. Kf5 f6 50. Kg6 Ke6 51. h4 f5 52. Kg5 Kf7 53. Kxf5 Kg7 54. Kg5 Kh7 55. Kxh5 1-0